 Dungeon Crawl Stone Soup version 0.19-a0-1888-g6ba2374 (webtiles) character file.

299 Naow the Chopper (level 6, -3/47 HPs)
             Began as a Formicid Fighter on Oct 17, 2016.
             Was a Follower of Makhleb.
             Slain by an orc
             ... wielding a +0 trident
              (4 damage)
             ... on level 3 of the Dungeon.
             The game lasted 00:04:02 (2184 turns).

Naow the Chopper (Formicid Fighter)                 Turns: 2184, Time: 00:04:03

Health: -3/47      AC:  6    Str: 23    XL:     6   Next: 63%
Magic:  0/6        EV:  8    Int:  7    God:    Makhleb [*.....]
Gold:   151        SH:  9    Dex: 10    Spells: 0 memorised, 5 levels left

rFire  . . .     SeeInvis +     a - +0 war axe
rCold  . . .     Gourm    .     b - +0 scale mail
rNeg   . . .     Faith    .     c - +0 shield
rPois  .         Spirit   .     (helmet unavailable)
rElec  .         Dismiss  .     (no cloak)
rCorr  .         Reflect  .     (no gloves)
MR     .....     Harm     .     (no boots)
Stlth  ..........               (no amulet)
                                (no ring)
                                (no ring)

@: no status effects
A: permanent stasis, dig shafts and tunnels, four strong arms, antennae 3
a: Dig, Shaft Self, Renounce Religion


You were on level 3 of the Dungeon.
You worshipped Makhleb.
Makhleb was aware of your devotion.
You were not hungry.

You visited 1 branch of the dungeon, and saw 3 of its levels.
You also visited: Sewer.

You collected 151 gold pieces.

Inventory:

Hand Weapons
 a - a +0 war axe (weapon)
Armour
 b - a +0 scale mail (worn)
 c - a +0 shield (worn)
Jewellery
 q - an uncursed amulet of rage {unknown}
 s - an uncursed amulet of faith {unknown}
Scrolls
 k - 4 scrolls of remove curse {unknown}
 n - a scroll of fog {unknown}
 o - 2 scrolls of fear {unknown}
 p - 3 scrolls of teleportation {unknown}
 t - a scroll of identify {unknown}
 u - a scroll of noise {unknown}
Potions
 d - a potion of might
 e - 3 potions of curing {unknown}
 i - a potion of lignification {unknown}
 j - a potion of cancellation {unknown}
 m - 3 potions of flight {unknown}
 r - a potion of brilliance {unknown}
Comestibles
 f - 2 bread rations
 h - a slice of pizza
 l - a royal jelly
 v - a meat ration


   Skills:
 - Level 3.2 Fighting
 + Level 6.5 Axes
 - Level 3.2 Armour
 - Level 3.6 Shields


You had 5 spell levels left.
You didn't know any spells.

Dungeon Overview and Level Annotations

Branches:
Dungeon (3/15)

Altars:
Elyvilon
Gozag
Makhleb
Uskayaw

Shops:
D:3 *


Innate Abilities, Weirdness & Mutations

You are under a permanent stasis effect.
You can dig through walls and to a lower floor.
Your four strong arms can wield two-handed weapons with a shield.
You have a pair of large antennae on your head. (SInv)


Message History

You closely miss the goblin.
The goblin is heavily wounded.
The goblin hits you but does no damage.
The gnoll hits you from afar with an antimagic halberd.
* * * LOW HITPOINT WARNING * * *
The orc closely misses you.
The goblin hits you with an antimagic short sword.
* * * LOW HITPOINT WARNING * * *
You barely miss the goblin. The gnoll barely misses you.
The orc closely misses you. You block the goblin's attack.
Unknown command.
The gnoll hits you from afar with an antimagic halberd.
* * * LOW HITPOINT WARNING * * *
You feel your power leaking away.
The goblin hits you with an antimagic short sword.
* * * LOW HITPOINT WARNING * * *
There is a stone staircase leading up here.
You block the gnoll's attack.
The orc hits you from afar with a trident.
You die...

....#.#.....##.#.#.# #.#.#
#.....#.....##...#.# #.#.#
'.....#.....######.# ### #.#.#
#.....#.....'....#.# #_# #.#.#
#.....##....####.#.###.###.#.#
..#+#.##..>.####.#.##...##...#
..)....+....+......#..#..#>#.#
....#.##....##.....#.###.#...#
.#....(#....##..@.##.###.##.##
.##..(........og.##..._#.##.#
.###..((.......g.#_....#..'.#
_#4#............###..._#.####
####.............###.###.#
2#........†......# #.###.#
######...........# #..#..#
#...........# ##...##
###...##....# ##.##


You could see a gnoll, an orc and a goblin.

Vanquished Creatures
  An eye of draining (D:3)
  A big kobold (Sewer)
  5 adders
  A river rat (Sewer)
  2 worms
  2 dart slugs
  4 leopard geckos
  An orc (D:3)
  7 giant cockroaches
  7 goblins
  5 hobgoblins
  2 jackals (Sewer)
  A quokka (D:3)
  3 ball pythons
  7 bats
  3 frilled lizards
  11 kobolds
  12 rats
75 creatures vanquished.

Notes
Turn   | Place    | Note
-------+----------+-------------------------------------------
     0 | D:1      | Naow the Formicid Fighter began the quest for the Orb.
     0 | D:1      | Reached XP level 1. HP: 18/18 MP: 1/1
    57 | D:1      | Reached XP level 2. HP: 12/24 MP: 2/2
   210 | D:1      | Reached skill level 3 in Axes
   325 | D:1      | Reached XP level 3. HP: 28/29 MP: 3/3
   578 | D:2      | Found a hide-covered altar of Uskayaw.
   883 | D:2      | Reached skill level 4 in Axes
   883 | D:2      | Reached XP level 4. HP: 34/35 MP: 4/4
  1242 | D:3      | Found a burning altar of Makhleb.
  1242 | D:3      | Noticed a green death
  1264 | D:3      | Noticed an orange demon
  1264 | D:3      | Noticed an orange demon
  1266 | D:3      | Became a worshipper of Makhleb the Destroyer
  1543 | D:3      | Reached XP level 5. HP: 35/41 MP: 5/5
  1565 | D:3      | Found a glowing drain.
  1591 | Sewer    | Entered a sewer
  1597 | Sewer    | Reached skill level 5 in Axes
  1649 | Sewer    | Noticed a big kobold
  1657 | Sewer    | Reached * piety under Makhleb
  1665 | Sewer    | Killed a big kobold
  1665 | Sewer    | Reached XP level 6. HP: 35/47 MP: 6/6
  1683 | Sewer    | Found a white marble altar of Elyvilon.
  1803 | D:3      | Found Gozag's Platinum Reserve.
  1807 | D:3      | Found an opulent altar of Gozag.
  2098 | D:3      | Found a faded altar of an unknown god.
  2098 | D:3      | Found a faded altar of an unknown god.
  2103 | D:3      | Found a faded altar of an unknown god.
  2105 | D:3      | Found a faded altar of an unknown god.
  2107 | D:3      | Found a white marble altar of Elyvilon.
  2163 | D:3      | Noticed an eye of draining
  2176 | D:3      | Killed an eye of draining
  2176 | D:3      | Reached skill level 6 in Axes
  2183 | D:3      | HP: 1/47 [goblin/antimagic short sword (3)]
  2184 | D:3      | Slain by an orc

Vault maps used:
D:1:      minmay_arrival_radiant_lines, hex_intersection,
          minmay_misc_feat_more_columns
D:2:      eat_drink_and_be_merry_uskayaw
D:3:      nicolae_gozag_zags_fifth_avenue, makhleb_altar_promises_db,
          chequers_temple_overflow_minitemple, gup_sewer_entry_bubbles,
          trog_eyes_of_draining
Sewer:    sewer_kobolds

Skill      XL: |  1  2  3  4  5  6 |
---------------+-------------------+-----
Axes           | 3 4 5 6 |  6.5
Fighting       | |  3.2
Armour         | |  3.2
Shields        | |  3.6

Action                   |  1- 3 |  4- 6 || total
-------------------------+-------+-------++-------
Melee: War axe           |   102 |   159 ||   261
  Eat: Chunk             |       |     5 ||     5
Armor: Scale mail        |    52 |    76 ||   128
Dodge: Dodged            |    31 |    64 ||    95
Block: Shield            |    72 |   106 ||   178
